AoeStats
← thepig

Arena

506384679Analyzed
1v1 RM · 18d ago on Sep 13, 2026· 38m 1s· 2 players
Game mode
Random Map
Map size
Tiny (2 player)
Population
200
Speed
Normal
Resources
Standard
Victory
Conquest
Starting age
Dark Age
Ending age
Imperial Age
RankedLock teamsTeams togetherTeam positionsShared explorationLock speedFull tech treeHidden civsTurbo modeCheats
Victory
Defeat
🇫🇷 Mongols · France
1021
+15
🇧🇪 Celts · Belgium
1006
-15
thepig
8:59 Loom
10:44 Feudal Age
15:05 Castle Age
13:18 Double-Bit Axe
18:05 Bow Saw
21:32 Wheelbarrow
20:46 Town Watch
23:04 Hand Cart
24:37 Pikeman
25:39 Scale Mail Armor
30:44 Horse Collar
33:24 Heavy Plow
34:43 Chain Mail Armor
35:57 Fletching
36:38 Bodkin Arrow
37:52 Chain Mail Armor
37:47 Forging
Carotte
9:46 Feudal Age
10:29 Horse Collar
11:37 Double-Bit Axe
17:24 Castle Age
17:41 Gold Mining
19:27 Husbandry
19:42 Forging
23:51 Scale Barding Armor
24:55 Bloodlines
30:45 Chain Barding Armor
Connection lost

Rejoining the realm…

Still unreachable

The connection could not be restored.

Session expired

The server has moved on; the page needs a fresh start.